 Dungeon Crawl Stone Soup version 0.26.0-10-g1f06aea511 (webtiles) character file.

Game seed: 9209078332566817882

41 polelong the Firebug (level 3, -3/26 HPs)
             Began as a Draconian Fire Elementalist on Jan 24, 2021.
             Slain by an adder (5 damage)
             ... on level 2 of the Dungeon.
             The game lasted 00:08:46 (1466 turns).

polelong the Firebug (Draconian Fire Elementalist)  Turns: 1466, Time: 00:08:46

Health: -3/26      AC:  5    Str: 10    XL:     3   Next: 32%
Magic:  1/6        EV: 12    Int: 16    God:
Gold:   91         SH:  0    Dex: 11    Spells: 0/7 levels left

rFire    . . .     SeeInvis .   (no weapon)
rCold    . . .     Faith    .   (no shield)
rNeg     . . .     Spirit   .   (armour unavailable)
rPois    .         Reflect  .   (helmet restricted)
rElec    .         Harm     .   (no cloak)
rCorr    .         Rampage  .   (no gloves)
Will     .....                  (no boots)
Stlth    ++........             (no amulet)
HPRegen  0.08/turn              (no ring)
MPRegen  0.10/turn              (no ring)

@: lethally poisoned (-3 -> -9)
A: unfitting armour, cold-blooded, AC +5
a: no special abilities


You were on level 2 of the Dungeon.
You visited 1 branch of the dungeon, and saw 2 of its levels.

You collected 91 gold pieces.

Inventory:

Scrolls
 a - a scroll of remove curse {unknown}
 b - 2 scrolls of magic mapping {unknown}
 d - 2 scrolls of amnesia {unknown}
 f - a scroll of fear {unknown}
 h - a scroll of identify {unknown}
Potions
 c - a potion of cancellation {unknown}
 e - a potion of curing {unknown}
 g - a potion of might {unknown}


   Skills:
 + Level 2.3 Dodging
 + Level 1.9 Stealth
 + Level 0.1 Unarmed Combat
 + Level 2.5 Spellcasting
 + Level 1.2 Conjurations
 + Level 3.4 Fire Magic


You couldn't memorise any spells.
You knew the following spells:

 Your Spells              Type           Power        Failure   Level
a - Foxfire               Conj/Fire      36%          8%          1
b - Inner Flame           Hex/Fire       7%           28%         3
c - Conjure Flame         Conj/Fire      9%           22%         3

Your spell library contained the following spells:

 Spells                   Type           Power        Failure   Level
 Sticky Flame             Conj/Fire      9%           58%         4
 Fireball                 Conj/Fire      4%           91%         5


Dungeon Overview and Level Annotations

Branches:
Dungeon (2/15)

Altars:


Innate Abilities, Weirdness & Mutations

Your plain brown scales are hard. (AC +5)
You cannot fit into any form of body armour.
You are cold-blooded and may be slowed by cold attacks.


Message History

The adder bites you but does no damage.
Casting: Foxfire (safe; 8% risk of failure)
Confirm with . or Enter, or press ? or * to list all spells.
You conjure some foxfire!
The adder barely misses you.
The foxfire hits the adder.
The adder is almost dead.
The foxfire hits the adder but does no damage.
The adder is almost dead.
The adder bites you but does no damage. The adder completely misses you.
The adder bites you.
* * * LOW HITPOINT WARNING * * *
You are lethally poisoned!
The adder poisons you!
You see here a rat corpse.
* * * LOW HITPOINT WARNING * * *
You feel sick.
* * * LOW HITPOINT WARNING * * *
You feel sick. The adder bites you.
You die...

.# ###..(..<###
######.#####......#....
...#........#.########
#...########.# ..
####...######...# .)
†....$.....##.### ##.# #
######.###..#.##### #.. .. #.#
##.......####.# .. #.#
###.gS@...##.### .# ##.#
#####....†...##)# # ##..#
####.^....(.#
####..###########...(.......#
...[...##>..(.......####..#.....
#.........########.## ##.# ###
#...)..(.(.#######.######.######
#......###.........>...........##
#......# #########.###...........


You could see an adder and a hobgoblin.

Vanquished Creatures
  An adder (D:2)
  A dart slug (D:1)
  2 leopard geckos
  4 bats
  3 goblins (D:1)
  5 hobgoblins (D:1)
  5 kobolds
  2 frilled lizards (D:1)
  3 rats
26 creatures vanquished.

Vanquished Creatures (others)
  54 foxfires
54 creatures vanquished.

Grand Total: 80 creatures vanquished

Notes
Turn   | Place    | Note
-------+----------+-------------------------------------------
     0 | D:1      | polelong the Draconian Fire Elementalist began the quest
                  | for the Orb.
     0 | D:1      | Reached XP level 1. HP: 14/14 MP: 3/3
   167 | D:1      | Reached XP level 2. HP: 3/20 MP: 0/5
  1167 | D:2      | Reached XP level 3. HP: 23/26 MP: 0/6
  1171 | D:2      | Learned a level 3 spell: Inner Flame
  1175 | D:2      | Learned a level 3 spell: Conjure Flame
  1466 | D:2      | Slain by an adder

Illustrated notes

Levels and vault maps discovered:
D:1:      eino_arrival_water_cross, layout_basic
D:2:      wander_river, layout_rooms

Skill      XL: |  1  2 |
---------------+-------+-----
Dodging        | 2 |  2.3
Stealth        | |  1.9
Unarmed Combat | |  0.1
Spellcasting   | |  2.5
Conjurations   | |  1.2
Fire Magic     | |  3.4

Action                   || total
-------------------------++-------
Melee: Unarmed           ||    15
       Tailslap          ||     1
 Cast: Foxfire           ||    47
       Inner Flame       ||     1
Armor: Skin              ||    20
Dodge: Dodged            ||    39
